 Dungeon Crawl Stone Soup version 0.31-a0-544-gceb718ecc6 (webtiles) character file.

Game seed: 5772107254324469914

281 tilp the Sneak (level 6, -7/46 HPs)
             Began as a Vampire Enchanter on Aug 15, 2023.
             Killed from afar by a white imp (8 damage)
             ... with a puff of frost
             ... summoned by Eustachio
             ... on level 4 of the Dungeon.
             The game lasted 00:05:26 (3135 turns).

tilp the Sneak (Vampire Enchanter)                  Turns: 3135, Time: 00:05:27

Health: -7/46      AC:  3    Str:  7    XL:     6   Next: 6%
Magic:  4/10       EV: 18    Int: 20    God:
Gold:   174        SH:  0    Dex: 14    Spells: 2/10 levels left

rFire   . . .        a - +1 dagger
rCold   . . .        (no shield)
rNeg    . . .        b - +0 robe
rPois   +            (no helmet)
rElec   .            (no cloak)
rCorr   .            q - +0 pair of gloves
SInv    +            (no boots)
Will    .....        (no amulet)
Stlth   +++          l - ring of poison resistance
HPRegen 0.47/turn    i - +5 ring of evasion
MPRegen 0.12/turn

%: no passive effects
@: healing quickly, invisible
A: alive, fangs 3, see invisible, vampiric 2
a: Exsanguinate


You were on level 4 of the Dungeon.
You visited 1 branch of the dungeon, and saw 4 of its levels.

You collected 174 gold pieces.

Inventory:

Hand Weapons
 a - a +1 dagger (weapon)
Missiles
 d - 6 javelins
 o - 9 poisoned darts (quivered)
 r - 7 boomerangs
Armour
 b - a +0 robe (worn)
 q - a +0 pair of gloves (worn)
Magical Staves
 g - a staff of air
Jewellery
 e - a ring of positive energy
 h - an amulet of faith
 i - a +5 ring of evasion (right hand)
 l - a ring of poison resistance (left hand)
Scrolls
 t - a scroll of identify {unknown}
 v - a scroll of poison {unknown}
Potions
 f - 2 potions of heal wounds {unknown}
 j - a potion of attraction {unknown}
 k - a potion of cancellation {unknown}
 m - 3 potions of enlightenment {unknown}
 n - a potion of degeneration {unknown}
 p - 2 potions of lignification {unknown}
 s - a potion of resistance {unknown}
 u - a potion of haste {unknown}


   Skills:
 * Level 2.6 Fighting
 * Level 3.3 Short Blades
 + Level 3.2 Dodging
 + Level 5.3 Stealth
 + Level 2.7 Spellcasting
 + Level 5.3 Hexes


You had 2 spell levels left.
You knew the following spells:

 Your Spells              Type           Power      Damage    Failure   Level
a - Ensorcelled Hibernat  Hex/Ice        26%        N/A       8%          2
b - Confusing Touch       Hex            24%        N/A       4%          3
c - Tukima's Dance        Hex            24%        N/A       4%          3

Your spell library contained the following spells:

 Spells                   Type           Power      Damage    Failure   Level
 Magic Dart               Conj           8%         1d3       14%         1
 Summon Small Mammal      Summ           8%         N/A       14%         1
 Call Imp                 Summ           4%         N/A       22%         2
 Cigotuvi's Dreadful Rot  Necr/Pois/Air  4%         N/A       22%         2
 Dazzling Flash           Conj/Hex       26%        N/A       14%         3
 Summon Guardian Golem    Hex/Summ       13%        N/A       14%         3
 Call Canine Familiar     Summ           2%         N/A       41%         3
 Ignite Poison            Fire/Tmut/Pois 2%         N/A       41%         3
 Mephitic Cloud           Conj/Pois/Air  2%         N/A       41%         3
 Yara's Violent Unravell  Hex/Tmut       6%         3d5       80%         5
 Passage of Golubria      Tloc           2%         N/A       82%         4
 Freezing Cloud           Conj/Ice/Air   1%         6-21      99%         5


Dungeon Overview and Level Annotations

Branches:
Dungeon (4/15)
 Temple: D:4-7

Altars:
Hepliaklqana
Uskayaw
Xom

Annotations:
D:4 Eustachio


Innate Abilities, Weirdness & Mutations

Your natural rate of healing is accelerated.
You have razor-sharp teeth.
You have supernaturally acute eyesight. (SInv)
You are afflicted with vampirism and can become a bat while bloodless.


Message History

The bat completely misses you. The quokka closely misses you.
You hit Eustachio but do no damage. Your bite misses Eustachio.
Eustachio is lightly wounded.
The bat closely misses you. The iguana closely misses you.
The white imp barely misses you. The quokka misses you.
You hit the iguana but do no damage. The bat hits you but does no damage.
The white imp completely misses you. The iguana completely misses you.
The quokka closely misses you. The quokka misses you.
You strike the helpless iguana from behind!
You puncture the iguana!
The iguana is severely wounded.
The bat misses you. Eustachio misses you. The iguana misses you.
The white imp closely misses you.
You closely miss the iguana.
The iguana is severely wounded.
The quokka bites you but does no damage.
Eustachio closely misses you.
The white imp gestures at the iguana.
The puff of frost hits the iguana!
The iguana dies!
You have reached level 6!
You hit Eustachio but do no damage.
Eustachio is lightly wounded.
The bat hits you but does no damage. The quokka bites you.
* * * LOW HITPOINT WARNING * * *
The bat misses you. The white imp misses you.
You barely miss Eustachio. The bat hits you but does no damage.
The quokka misses you.
You catch the helpless Eustachio completely off-guard!
You impale Eustachio!!
Eustachio is heavily wounded.
The white imp completely misses you. The quokka closely misses you. x2
You hit Eustachio.
Eustachio is heavily wounded.
Eustachio hits you with a +0 rapier!
* * * LOW HITPOINT WARNING * * *
The bat misses you. The white imp gestures at you. The puff of frost hits you!
You die...

########## .^.......#
.........#
.........######
.........#....#
......).r#....#
......r@†.....#
......@b5.....# ########
............### #.......
............?.###.......
...........##...........
#####.....#######.......
###........##.......
#..#.####..†.......
#.##.####...##.####


You could see Eustachio (unable to see you), a white imp (summoned, unable to
see you), 2 quokkas and a bat (summoned).

Vanquished Creatures
  A scorpion (D:4)
  An orc priest (D:3)
  An orc wizard (D:3)
  4 gnolls (D:3)
  5 adders
  A worm (D:2)
  2 dart slugs
  4 orcs
  An endoplasm (D:3)
  A giant cockroach (D:2)
  5 goblins
  8 hobgoblins
  6 jackals
  8 quokkas
  2 ball pythons
  3 bats
  4 frilled lizards
  4 kobolds
  4 rats
65 creatures vanquished.

Vanquished Creatures (others)
  An iguana (D:4)
  A goblin (D:4)
2 creatures vanquished.

Grand Total: 67 creatures vanquished

Notes
Turn   | Place    | Note
-------+----------+-------------------------------------------
     0 | D:1      | tilp the Vampire Enchanter began the quest for the Orb.
     0 | D:1      | Reached XP level 1. HP: 13/13 MP: 3/3
   257 | D:1      | Reached XP level 2. HP: 19/20 MP: 5/5
   260 | D:1      | Learned a level 2 spell: Ensorcelled Hibernation
   800 | D:2      | Reached skill level 1 in Fighting
   822 | D:2      | Gained mutation: You are afflicted with vampirism and can
                  | become a bat while bloodless. [Vampire growth]
   822 | D:2      | Reached XP level 3. HP: 26/26 MP: 6/6
   836 | D:2      | Learned a level 3 spell: Confusing Touch
  1421 | D:2      | Reached XP level 4. HP: 32/32 MP: 7/7
  2075 | D:3      | Reached skill level 5 in Stealth
  2075 | D:3      | Reached XP level 5. HP: 34/38 MP: 0/8
  2292 | D:3      | Found a hide-covered altar of Uskayaw.
  2293 | D:3      | Found a hazy altar of Hepliaklqana.
  2357 | D:3      | Reached skill level 5 in Hexes
  2470 | D:3      | Learned a level 3 spell: Tukima's Dance
  2491 | D:3      | Found a shimmering altar of Xom.
  3118 | D:4      | Noticed Eustachio
  3132 | D:4      | Reached XP level 6. HP: 10/46 MP: 3/10
  3135 | D:4      | HP: 1/46 [Eustachio/+0 rapier (10)]
  3135 | D:4      | Killed from afar by a white imp

Illustrated notes

Levels and vault maps discovered:
D:1:      dpeg_arrival_leaves_temple_mockup, layout_basic
D:2:      layout_rooms
D:3:      layout_basic, nicolae_overflow_hidden_temple,
          gammafunk_temple_overflow_statue
D:4:      layout_rooms, uniq_eustachio

Skill      XL: |  1  2  3  4  5 |
---------------+----------------+-----
Fighting       | 1 2 |  2.6
Short Blades   | 2 3 |  3.3
Stealth        | 5 |  5.3
Hexes          | 5 |  5.3
Dodging        | 3 |  3.2
Spellcasting   | |  2.7

Action                     |  1- 3 |  4- 6 || total
---------------------------+-------+-------++-------
  Melee: Dagger            |    66 |    99 ||   165
         Bite              |     4 |     9 ||    13
         Punch             |       |     2 ||     2
  Throw: Dart              |       |     4 ||     4
   Cast: Ensorcelled Hiber |    15 |    35 ||    50
         Tukima's Dance    |       |     1 ||     1
    Use: Scroll            |     4 |       ||     4
         Potion            |       |     2 ||     2
   Stab: Sleeping          |    24 |    21 ||    45
         Invisible         |       |     2 ||     2
 Armour: Robe              |     3 |    16 ||    19
  Dodge: Dodged            |    35 |   102 ||   137

Table legend: (Time is in decaauts)
 A = Elapsed time spent in this place.
 B = Non-inter-level travel time spent in this place.
 C = Inter-level travel time spent in this place.
 D = Time resting spent in this place.
 E = Time spent auto-exploring this place.
 F = Levels seen in this place.
 G = Mean time per level.
                   A        B        C        D        E       F      G
               +--------+--------+--------+--------+--------+-----+--------+
         Total |   3113 |   3000 |    113 |    128 |   2267 |   4 |  778.2 |
       Dungeon |   3113 |   3000 |    113 |    128 |   2267 |   4 |  778.2 |
               +--------+--------+--------+--------+--------+-----+--------+

Top non-repeatable levels by time:
     D:3: 1214 daAuts
     D:1: 790 daAuts
     D:2: 685 daAuts
     D:4: 422 daAuts
